 Dungeon Crawl Stone Soup version 0.21-a0-442-g848f44b (webtiles) character file.

79408 tilp the Warrior (level 15, -10/103 HPs)
             Began as a Deep Elf Fire Elementalist on Nov 10, 2017.
             Was a High Priest of Vehumet.
             Mangled by a two-headed ogre
             ... wielding a +0 giant club
              (35 damage)
             ... on level 14 of the Dungeon on Nov 13, 2017.
             The game lasted 02:09:58 (30167 turns).

tilp the Warrior (Deep Elf Fire Elementalist)      Turns: 30167, Time: 02:09:59

Health: -10/103    AC:  7    Str: 13    XL:     15   Next: 20%
Magic:  2/44       EV: 19    Int: 30    God:    Vehumet [*****.]
Gold:   781        SH:  0    Dex: 13    Spells: 2/42 levels left

rFire    + . .     SeeInvis .   a - staff of conjuration
rCold    x . .     Gourm    .   (no shield)
rNeg     . . .     Faith    .   r - +2 robe {MR+}
rPois    .         Spirit   .   (helmet restricted)
rElec    .         Reflect  .   T - scarf {cloud immunity}
rCorr    .         Harm     .   O - +2 pair of gloves
MR       ++...     Clarity  +   (no boots)
Stlth    +++.......             (no amulet)
HPRegen  0.00/turn              d - +5 ring of intelligence
MPRegen  0.29/turn              A - ring "Bosianyt" {Fire +Inv MP+9 Str+6 Dex-2}

@: no status effects
A: beak, clarity, dopey 1, inhibited regeneration, strong 1
a: Renounce Religion, Evoke Invisibility


You were on level 14 of the Dungeon.
You worshipped Vehumet.
Vehumet was extremely pleased with you.
You were not hungry.

You visited 4 branches of the dungeon, and saw 22 of its levels.
You also visited: Ice Cave.

You collected 1970 gold pieces.
You spent 1189 gold pieces at shops.

Inventory:

Hand Weapons
 b - a +2 battleaxe of electrocution
Missiles
 u - 4 throwing nets (quivered)
 W - 12 tomahawks of returning
Armour
 g - the +1 robe of the Bagpipe {+Inv rElec}
   (You bought it in a shop on level 12 of the Dungeon)

   It insulates you from electricity.
   It lets you turn invisible.
 o - a +1 scale mail of poison resistance
 r - a +2 robe of magic resistance (worn)
 O - a +2 pair of gloves (worn)
 T - a scarf of cloud immunity (worn)
 Z - a +1 scale mail of cold resistance
Magical Staves
 a - an uncursed staff of conjuration (weapon)
Jewellery
 c - a cursed ring of teleportation {unknown}
 d - a +5 ring of intelligence (left hand)
 h - an uncursed ring of see invisible
 z - an uncursed ring of protection from cold
 A - the ring "Bosianyt" (right hand) {Fire +Inv MP+9 Str+6 Dex-2}
   (You found it on level 4 of the Dungeon)

   [ring of fire]

   It enhances your fire magic.
   It affects your strength (+6).
   It affects your dexterity (-2).
   It protects you from fire.
   It makes you vulnerable to cold.
   It affects your magic capacity (+9).
   It lets you turn invisible.
Wands
 x - a wand of polymorph (6/24)
 G - a wand of lightning (0/15)
 I - a wand of confusion (20/48)
 X - a wand of paralysis (13/24)
Scrolls
 i - a scroll of enchant armour
 j - 8 scrolls of teleportation
 w - 2 scrolls of fog
 y - 11 scrolls of remove curse
 B - a scroll of recharging {unknown}
 E - 5 scrolls of fear
 F - a scroll of acquirement {unknown}
 J - a scroll of magic mapping
 N - 3 scrolls of amnesia
 R - a scroll of holy word {unknown}
 U - a scroll of brand weapon {unknown}
 V - 2 scrolls of summoning {unknown}
Potions
 e - 6 potions of cancellation
 f - 5 potions of curing
 m - 4 potions of brilliance
 n - 4 potions of agility
 p - 2 potions of resistance
 q - a potion of ambrosia
 s - 10 potions of heal wounds
 t - 2 potions of berserk rage
 D - 2 potions of haste
 H - 2 potions of might
 K - 2 potions of invisibility
 Y - 2 potions of flight
Comestibles
 v - 43 fruits


   Skills:
 + Level 15.1 Fighting
 - Level 12.0 Dodging
 - Level 6.0 Stealth
   Level 2.4 Shields
 - Level 14.0 Spellcasting
 - Level 10.0 Conjurations
 - Level 10.1 Fire Magic
 - Level 4.0 Evocations


You had 2 spell levels left.
You knew the following spells:

 Your Spells              Type           Power        Failure   Level  Hunger
a - Flame Tongue          Conj/Fire      #####        1%          1    None
b - Throw Flame           Conj/Fire      ######       1%          2    None
c - Conjure Flame         Conj/Fire      ########     1%          3    None
d - Sticky Flame          Conj/Fire      ########     1%          4    None
e - Fireball              Conj/Fire      ########..   1%          5    None
f - Animate Skeleton      Necr           N/A          2%          1    None
g - Freeze                Ice            ###.         1%          1    None
h - Sting                 Conj/Pois      ####         1%          1    None
i - Fulminant Prism       Conj/Hex       ######....   1%          4    None
j - Mephitic Cloud        Conj/Pois/Air  ######..     1%          3    None
k - Blink                 Tloc           N/A          3%          2    None
l - Bolt of Fire          Conj/Fire      ########..   1%          6    ####...
m - Bolt of Cold          Conj/Ice       ######....   12%         6    ####...
n - Apportation           Tloc           ###...       2%          1    None


Dungeon Overview and Level Annotations

Branches:
Dungeon (14/15)            Temple (1/1) D:7            Lair (5/6) D:9
  Swamp (0/4) Lair:2        Snake (0/4) Lair:2        Slime (0/5) Lair:5
    Orc (2/2) D:11            Elf (0/3) Orc:2
 Vaults: D:13-14

Altars:
Ashenzari
Cheibriados
Dithmenos
Elyvilon
Fedhas
Gozag
Hepliaklqana
Kikubaaqudgha
Makhleb
Nemelex Xobeh
Okawaru
Qazlal
Ru
Sif Muna
Trog
Uskayaw
Vehumet
Wu Jian
Xom
Yredelemnul
Zin
The Shining One
Beogh
Jiyva

Shops:
D:12 ?*!!   D:14 *   Orc:1 =   Orc:2 %:*(

Portals:
Pandemonium: Orc:2


Innate Abilities, Weirdness & Mutations

You have a beak for a mouth.
You possess an exceptional clarity of mind.
You are dopey. (Int -2)
You do not regenerate when monsters are visible.
Your muscles are strong. (Str +2)


Message History

The fireball engulfs the two-headed ogre.
The two-headed ogre is moderately wounded.
Casting: Fireball
Confirm with . or Enter, or press ? or * to list all spells.
Aiming: Fireball
Press: ? - help, Shift-Dir - straight line, f/p - two-headed ogre
Aim: a two-headed ogre, wielding a giant club and a dire flail (moderately wounded)
You feel a strong surge of power!
The fireball explodes!
The fireball engulfs the two-headed ogre.
The two-headed ogre is severely wounded.
Casting: Fireball
Confirm with . or Enter, or press ? or * to list all spells.
Aiming: Fireball
Press: ? - help, Shift-Dir - straight line, f/p - two-headed ogre
Aim: a two-headed ogre, wielding a giant club and a dire flail (severely wounded)
You feel a strong surge of power!
The fireball explodes!
The fireball engulfs the two-headed ogre.
The two-headed ogre is almost dead.
The two-headed ogre hits you with a giant club!!
You die...

,,,,,,,,,,,,*,,,,,,,,*,**
,,,,,,,,,,,,*,,,*,,*,,,*
*******+***,**+,*,,,,***
*,,,<,* *,,,,,,,**,*
***+********,*******,*
*,,,,,,,,,,,,* *,,,*
*,,,,,,,,,,+,#####+#####
*,,,,,,,,,,*,#.........#
*,,,,,,,,,,*,+..@......#
*,,,,,,,,,,**#...O.....#
*,,,,,,,,,,* #........$#
*,,,,,,,,,,* #.........#
+,,,,,,,,,,* #..)...†..##
*,,,,,,,,,,* #.....<....#
*****+****** ########.#.#
*,* *,,,∩..* *,* *,**.###


You could see a two-headed ogre.

Vanquished Creatures
  Rupert (Orc:2)
  Gastronok (Lair:1)
  Frances (D:13)
  Josephine (D:10)
  Erolcha (Orc:2)
  2 hydras (Lair:5)
  7 two-headed ogres
  Erica (D:8)
  3 centaur warriors (D:13)
  5 orc high priests (Orc:2)
  5 death yaks (Lair:5)
  A soul eater (Orc:2)
  Nergalle (Orc:1)
  4 skeletal warriors (D:12)
  An unseen horror (D:12)
  2 infernal demonspawn (Orc:1)
  A torturous demonspawn (Orc:2)
  Pikel (D:7)
  5 orc knights (Orc:2)
  5 ugly things
  A deep elf mage (D:12)
  8 orc sorcerers
  2 cyclopes
  2 centaur zombies (D:13)
  4 elephants (Lair:4)
  A rust devil (Orc:2)
  3 black mambas
  3 orange demons (Orc:2)
  2 ice statues (IceCv)
  5 spiny frogs
  2 rime drakes
  A kobold demonologist (D:12)
  3 ice devils (Orc:2)
  7 komodo dragons
  4 trolls
  5 blink frogs (Lair:4)
  9 slime creatures
  9 hippogriffs
  4 wraiths (D:10)
  8 wyverns
  2 hungry ghosts
  A basilisk (Lair:1)
  68 yaks
  A vampire mosquito (D:14)
  A chaos spawn (Orc:2)
  A steam dragon (D:11)
  4 insubstantial wisps (Lair:2)
  4 wargs
  2 nagas (Lair:2)
  2 soldier ants
  An acid dragon (D:13)
  10 water moccasins
  Duvessa (D:7)
  4 porcupines
  39 orc warriors
  11 ogres
  10 ice beasts
  A slave (D:7)
  An eye of draining (D:7)
  3 sky beasts
  3 phantoms
  2 necrophages
  10 wolves
  3 crocodiles
  9 centaurs
  Blork the orc (D:6)
  4 big kobolds
  13 bullfrogs
  3 gnoll sergeants (D:8)
  Dowan (D:7)
  2 scorpions (D:4)
  14 killer bees
  4 electric eels
  4 howler monkeys
  7 wights
  A quasit (D:10)
  8 hounds
  5 jellies
  2 gnoll shamans (D:8)
  27 orc priests
  3 bullfrog skeletons
  Jessica (D:3)
  5 iguanas
  24 orc wizards
  13 worker ants
  A killer bee zombie (D:9)
  A hound skeleton (D:5)
  14 adders
  17 gnolls
  5 shadow imps
  An ooze (Lair:5)
  An adder skeleton (D:9)
  An adder zombie (D:9)
  7 worms
  5 dart slugs
  8 leopard geckos
  61 orcs
  A ball python (D:1)
  5 giant cockroaches
  5 goblins
  10 hobgoblins
  8 jackals
  22 kobolds
  7 quokkas
  9 bats
  9 frilled lizards
  2 leopard gecko skeletons (D:7)
  A quokka skeleton (D:5)
  7 rats
  2 bushes
  5 fulminant prisms
  A fungus (Lair:2)
  8 plants
692 creatures vanquished.

Vanquished Creatures (collateral kills)
  2 yaks (Lair:2)
  A porcupine (Lair:5)
  An ogre (Orc:2)
  A jelly (Lair:5)
5 creatures vanquished.

Vanquished Creatures (others)
  40 fulminant prisms
  3 fungi
  30 plants
73 creatures vanquished.

Grand Total: 770 creatures vanquished

Notes
Turn   | Place    | Note
-------+----------+-------------------------------------------
     0 | D:1      | tilp the Deep Elf Fire Elementalist began the quest for the Orb.
     0 | D:1      | Reached XP level 1. HP: 10/10 MP: 6/6
   312 | D:1      | Reached XP level 2. HP: 15/15 MP: 6/8
   334 | D:1      | Learned a level 2 spell: Throw Flame
   823 | D:1      | Reached XP level 3. HP: 19/19 MP: 5/10
   828 | D:1      | Learned a level 3 spell: Conjure Flame
  1463 | D:2      | Found a radiant altar of Vehumet.
  1469 | D:2      | Became a worshipper of Vehumet
  1733 | D:2      | Reached XP level 4. HP: 24/24 MP: 3/12
  2023 | D:2      | Found a bloodstained altar of Trog.
  2256 | D:3      | Noticed Jessica
  2382 | D:3      | Learned a level 1 spell: Animate Skeleton
  2387 | D:3      | Learned a level 4 spell: Sticky Flame
  2485 | D:3      | Killed Jessica
  2489 | D:3      | Reached XP level 5. HP: 19/28 MP: 2/14
  2732 | D:3      | Reached * piety under Vehumet
  2732 | D:3      | Offered knowledge of Sting by Vehumet.
  2739 | D:3      | Learned a level 1 spell: Sting
  2825 | D:3      | Reached skill level 5 in Spellcasting
  3456 | D:4      | Reached skill level 5 in Fire Magic
  3498 | D:4      | Noticed an ogre
  3504 | D:4      | Killed an ogre
  3504 | D:4      | Reached XP level 6. HP: 32/32 MP: 6/16
  3681 | D:4      | Got a coiled glass ring
  3989 | D:4      | Reached XP level 7. HP: 36/36 MP: 10/18
  4114 | D:4      | Reached skill level 5 in Conjurations
  4260 | D:4      | Offered knowledge of Freeze by Vehumet.
  4263 | D:4      | Learned a level 1 spell: Freeze
  4267 | D:4      | Learned a level 3 spell: Regeneration
  4338 | D:4      | Reached ** piety under Vehumet
  5025 | D:5      | Entered Level 5 of the Dungeon
  5349 | D:5      | Learned a level 5 spell: Fireball
  5690 | D:5      | Reached XP level 8. HP: 23/40 MP: 4/20
  6628 | D:6      | Offered knowledge of Stone Arrow by Vehumet.
  6639 | D:6      | Learned a level 3 spell: Stone Arrow
  6883 | D:6      | Found a white marble altar of Elyvilon.
  6948 | D:6      | Noticed Blork the orc
  6967 | D:6      | Killed Blork the orc
  7111 | D:6      | Identified the ring "Bosianyt" {Fire +Inv MP+9 Str+6 Dex-2} (You found it on level 4 of the Dungeon)
  7149 | D:6      | Reached *** piety under Vehumet
  7227 | D:6      | Found an opulent altar of Gozag.
  7229 | D:6      | Found an iron altar of Okawaru.
  7229 | D:6      | Found a shattered altar of Ashenzari.
  7231 | D:6      | Found a shimmering altar of Xom.
  7231 | D:6      | Found a shimmering altar of Xom.
  7231 | D:6      | Found a bloodstained altar of Trog.
  7718 | D:7      | Found a staircase to the Ecumenical Temple.
  7763 | Temple   | Entered the Ecumenical Temple
  7960 | D:7      | Reached XP level 9. HP: 44/44 MP: 21/21
  7964 | D:7      | Noticed Duvessa
  7964 | D:7      | Noticed Dowan
  7972 | D:7      | Killed Duvessa
  7975 | D:7      | Killed Dowan
  8857 | D:7      | Noticed Pikel
  8862 | D:7      | Killed Pikel
  8862 | D:7      | Reached skill level 10 in Fire Magic
  9023 | D:8      | Offered knowledge of Fulminant Prism by Vehumet.
  9060 | D:8      | Learned a level 4 spell: Fulminant Prism
  9221 | D:8      | Reached skill level 10 in Conjurations
  9230 | D:8      | Noticed a two-headed ogre
  9230 | D:8      | Noticed a two-headed ogre
  9333 | D:8      | Killed a two-headed ogre
  9333 | D:8      | Reached skill level 10 in Spellcasting
  9333 | D:8      | Reached XP level 10. HP: 49/49 MP: 3/26
  9334 | D:8      | Killed a two-headed ogre
  9334 | D:8      | Reached skill level 1 in Fighting
  9492 | D:8      | Reached skill level 2 in Fighting
  9637 | D:8      | Noticed Erica
  9898 | D:8      | Found a shadowy altar of Dithmenos.
  9898 | D:8      | Found a burning altar of Makhleb.
  9914 | D:8      | Reached **** piety under Vehumet
  9986 | D:8      | Killed Erica
  9986 | D:8      | Reached skill level 3 in Fighting
  9986 | D:8      | Reached skill level 5 in Dodging
 10188 | D:8      | Learned a level 3 spell: Mephitic Cloud
 10191 | D:8      | Learned a level 2 spell: Blink
 10259 | D:8      | Found a deep blue altar of Sif Muna.
 10306 | D:8      | Found an iron altar of Okawaru.
 10396 | D:8      | Offered knowledge of Bolt of Magma by Vehumet.
 10562 | D:8      | Reached skill level 4 in Fighting
 11014 | D:8      | Found an opulent altar of Gozag.
 11313 | D:9      | Noticed a two-headed ogre
 11375 | D:9      | Killed a two-headed ogre
 11390 | D:9      | Reached XP level 11. HP: 61/61 MP: 12/27
 11570 | D:9      | Learned a level 5 spell: Bolt of Magma
 11937 | D:9      | Found a staircase to the Lair.
 12170 | D:9      | Found an ornate altar of the Wu Jian Council.
 12371 | D:9      | Noticed a two-headed ogre
 12386 | D:9      | Killed a two-headed ogre
 12386 | D:9      | Reached skill level 5 in Fighting
 12481 | D:9      | Found a stormy altar of Qazlal.
 12571 | D:10     | Entered Level 10 of the Dungeon
 12803 | D:10     | Noticed Josephine
 12804 | D:10     | Reached skill level 1 in Shields
 12810 | D:10     | Killed Josephine
 12810 | D:10     | Reached ***** piety under Vehumet
 12810 | D:10     | Reached skill level 6 in Fighting
 13127 | D:10     | Found Fezusisa's Distillery.
 13319 | D:10     | Offered knowledge of Bolt of Fire by Vehumet.
 14168 | D:10     | Bought a potion of flight for 39 gold pieces
 14168 | D:10     | Bought a potion of curing for 39 gold pieces
 14168 | D:10     | Bought a potion of curing for 39 gold pieces
 14168 | D:10     | Bought a potion of lignification for 39 gold pieces
 14168 | D:10     | Bought a potion of degeneration for 13 gold pieces
 14168 | D:10     | Bought a potion of brilliance for 52 gold pieces
 14168 | D:10     | Bought a potion of haste for 130 gold pieces
 14168 | D:10     | Bought a potion of heal wounds for 65 gold pieces
 14168 | D:10     | Bought 2 potions of agility for 104 gold pieces
 14168 | D:10     | Bought a potion of heal wounds for 65 gold pieces
 14260 | D:10     | Learned a level 6 spell: Bolt of Fire
 14283 | D:11     | Noticed a white ugly thing
 14295 | D:11     | Killed a white ugly thing
 14447 | D:11     | Noticed a cyan ugly thing
 14461 | D:11     | Killed a cyan ugly thing
 14461 | D:11     | Reached skill level 7 in Fighting
 14673 | D:11     | Reached skill level 8 in Fighting
 14858 | D:11     | Reached XP level 12. HP: 73/73 MP: 21/30
 14951 | D:11     | Found a staircase to the Orcish Mines.
 15003 | D:11     | Found a roughly hewn altar of Beogh.
 15346 | Lair:1   | Entered Level 1 of the Lair of Beasts
 15539 | Orc:1    | Entered Level 1 of the Orcish Mines
 15749 | Orc:1    | Noticed Nergalle
 15752 | Orc:1    | Killed Nergalle
 15774 | D:11     | Reached skill level 9 in Fighting
 15968 | Orc:1    | Found Ceycolaq's Jewellery Shoppe.
 16114 | Orc:2    | Entered Level 2 of the Orcish Mines
 16139 | Orc:2    | Noticed Erolcha
 16252 | Orc:2    | Killed Erolcha
 16377 | Orc:2    | Found a frozen archway.
 16432 | IceCv    | Entered an ice cave
 16441 | IceCv    | Reached skill level 10 in Fighting
 16624 | IceCv    | Found a transporter.
 17572 | Orc:2    | Reached skill level 11 in Fighting
 17583 | Orc:2    | Noticed Rupert
 17619 | Orc:2    | Paralysed by Rupert for 5 turns
 17780 | Orc:2    | Killed Rupert
 18109 | Orc:2    | Found a staircase to the Elven Halls.
 18502 | Orc:2    | Offered knowledge of Bolt of Cold by Vehumet.
 18509 | Orc:2    | Reached XP level 13. HP: 85/85 MP: 12/31
 18693 | Orc:2    | Found Molo's Food Shop.
 18709 | Orc:2    | Reached skill level 12 in Fighting
 18916 | Orc:2    | Found Haru's General Store.
 19221 | Orc:2    | Upgraded the game from 0.21-a0-440-g28109cb to 0.21-a0-442-g848f44b
 21356 | Orc:2    | Found Dextass's Antique Weapon Emporium.
 21356 | Orc:2    | Found Beokanae's Book Shoppe.
 21356 | Orc:2    | Found a one-way gate leading to the halls of Pandemonium.
 21626 | Lair:1   | Reached skill level 10 in Dodging
 21712 | Lair:1   | Learned a level 6 spell: Bolt of Cold
 21824 | Lair:1   | Noticed Gastronok
 21934 | Lair:1   | Killed Gastronok
 22928 | Lair:2   | Reached skill level 1 in Evocations
 23118 | Lair:2   | Reached XP level 14. HP: 88/92 MP: 34/34
 23313 | Lair:2   | Found a staircase to the Swamp.
 23399 | Lair:2   | Found a staircase to the Snake Pit.
 23996 | Lair:2   | Learned a level 1 spell: Apportation
 24069 | Lair:3   | Reached ****** piety under Vehumet
 24181 | Lair:3   | Reached skill level 13 in Fighting
 24311 | Lair:3   | Offered knowledge of Spellforged Servitor by Vehumet.
 25549 | Lair:4   | Reached skill level 5 in Stealth
 26979 | Lair:5   | Found a runed door.
 26986 | Lair:5   | Found a viscous altar of Jiyva.
 26986 | Lair:5   | Found a staircase to the Slime Pits.
 27724 | D:12     | Found Oxynann's Assorted Antiques.
 27805 | D:12     | Bought a scroll of identify for 62 gold pieces
 27805 | D:12     | Bought a warped robe for 176 gold pieces
 27805 | D:12     | Bought an ichor-stained helmet for 294 gold pieces
 27815 | D:12     | Identified the +0 helmet of Purpose {+Fly rPois rF- Str+4} (You bought it in a shop on level 12 of the Dungeon)
 27825 | D:12     | Identified the +1 robe of the Bagpipe {+Inv rElec} (You bought it in a shop on level 12 of the Dungeon)
 27857 | D:12     | Offered knowledge of Iron Shot by Vehumet.
 28117 | D:12     | Found Kusotaxt's Distillery.
 28125 | D:12     | Reached skill level 14 in Fighting
 28395 | D:12     | Found Upsoiz's Magic Scroll Emporium.
 28485 | D:12     | Bought a scroll of identify for 36 gold pieces
 28485 | D:12     | Bought a scroll of identify for 36 gold pieces
 28751 | D:12     | Found Puffau Fyro's Distillery.
 28963 | D:13     | Reached XP level 15. HP: 90/101 MP: 5/35
 29219 | D:13     | Gained mutation: You have a pair of small horns on your head. [mutagenic meat]
 29220 | D:13     | Gained mutation: You have a beak for a mouth. [mutagenic meat]
 29221 | D:13     | Gained mutation: Your body sometimes deteriorates upon taking damage. [mutagenic meat]
 29222 | D:13     | Gained mutation: Your flesh is cold resistant. (rC+) [mutagenic meat]
 29223 | D:13     | Gained mutation: You are resistant to electric shocks. (rElec) [mutagenic meat]
 29224 | D:13     | Lost mutation: Your body sometimes deteriorates upon taking damage. [potion of mutation]
 29224 | D:13     | Lost mutation: You have a pair of small horns on your head. [potion of mutation]
 29224 | D:13     | Lost mutation: You are resistant to electric shocks. (rElec) [potion of mutation]
 29224 | D:13     | Lost mutation: Your flesh is cold resistant. (rC+) [potion of mutation]
 29224 | D:13     | Gained mutation: You do not regenerate when monsters are visible. [potion of mutation]
 29224 | D:13     | Gained mutation: You are dopey. (Int -2) [potion of mutation]
 29224 | D:13     | Gained mutation: Your muscles are strong. (Str +2) [potion of mutation]
 29224 | D:13     | Gained mutation: You possess an exceptional clarity of mind. [potion of mutation]
 29306 | D:13     | Noticed Frances
 29310 | D:13     | Killed Frances
 29317 | D:13     | Reached skill level 15 in Fighting
 30148 | D:14     | Found Suof's General Store.
 30167 | D:14     | Mangled by a two-headed ogre

Vault maps used:
D:1:      dpeg_arrival_water_temple_mockup
D:2:      bloody_trog, lemuel_round_altar
D:3:      uniq_jessica
D:4:      first_bread, minmay_misc_feat_more_columns
D:5:      amethyst_killhole
D:6:      overflow_temple_1_default, doesnt_xom_only_xom, uniq_blork_the_orc
D:7:      minmay_temple_entry_trees, uniq_duvessa, uniq_pikel
D:8:      kennysheep_housing_project, lemuel_coloured_pillars_altar,
          lemuel_crystal_altar, chequers_temple_overflow_statue_of_worship,
          blue_anna_alchemist, okawaru_metal_pillars_1_2, uniq_erica
D:9:      lemuel_doored_altar, dpeg_oklobed_lair,
          nicolae_qazlal_eye_of_the_storm
D:10:     serial_shops, kennysheep_little_box, uniq_josephine
D:11:     minmay_orc_entry_temple_small, kennysheep_boxes
D:12:     serial_shops, nicolae_shop_trees, shop_scrolls, shop,
          nicolae_shop_overgrown_old_shop
D:13:     uniq_frances
D:14:     david_vaults_1, serial_shops, nicolae_shop_crystal,
          nicolae_shop_crystal, nicolae_shop_behind_doors, kennysheep_mini,
          kennysheep_mini_moat, enter_bailey_2, evilmike_ruin_ashenzari
Temple:   nicolae_temple_god_jail
Lair:1:   uniq_gastronok
Lair:2:   minmay_swamp_entry_wisps, guppyfry_snake_entry_island
Lair:3:   lemuel_fruit_tree, serial_bayou_shore_a
Lair:5:   slime_altar_2, grunt_megastairs_5
Orc:1:    serial_shops, shop, chequers_guarded_unrand_ignorance, uniq_nergalle,
          uniq_maurice
Orc:2:    pf_orc_diabolical, portal_ice_cave_demonic_guard, minmay_orc_keep,
          uniq_erolcha, uniq_rupert
IceCv:    ice_cave_statue_garden_teleport

Skill      XL: |  1  2  3  4  5  6  7  8  9 10 11 12 13 14 15 |
---------------+----------------------------------------------+-----
Conjurations   | 2 3 4 6 8 10 | 10.0
Spellcasting   | 4 5 6 7 10 12 14 | 14.0
Fire Magic     | 4 5 6 8 10 | 10.1
Fighting       | 4 8 11 12 14 15 | 15.1
Dodging        | 7 8 10 12 | 12.0
Shields        | 2 |  2.4
Evocations     | 1 4 |  4.0
Stealth        | 3 6 |  6.0

Action                   |  1- 3 |  4- 6 |  7- 9 | 10-12 | 13-15 || total
-------------------------+-------+-------+-------+-------+-------++-------
Melee: Spear             |     2 |       |       |       |       ||     2
       Whip              |       |     1 |     3 |       |       ||     4
       Dagger            |       |       |     7 |    11 |       ||    18
       Staff             |       |       |       |     5 |    29 ||    34
Throw: Stone             |     8 |       |     4 |       |       ||    12
       Javelin           |       |       |       |       |     2 ||     2
       Tomahawk          |       |       |       |       |     1 ||     1
 Cast: Flame Tongue      |    28 |    54 |   153 |   250 |    52 ||   537
       Throw Flame       |    27 |    40 |    52 |    88 |    21 ||   228
       Conjure Flame     |     2 |     8 |    26 |    30 |    17 ||    83
       Sticky Flame      |       |     2 |    12 |    81 |    67 ||   162
       Sting             |       |     1 |     6 |       |    20 ||    27
       Fireball          |       |       |    16 |    85 |   242 ||   343
       Fulminant Prism   |       |       |     2 |     6 |    37 ||    45
       Bolt of Fire      |       |       |       |     4 |    18 ||    22
       Animate Skeleton  |       |       |       |     2 |     8 ||    10
       Mephitic Cloud    |       |       |       |       |    28 ||    28
       Blink             |       |       |       |       |     6 ||     6
Evoke: Wand              |       |       |       |       |     6 ||     6
  Use: Scroll            |     3 |     1 |     8 |     8 |    12 ||    32
       Potion            |       |       |       |     2 |     1 ||     3
  Eat: Chunk             |     3 |     8 |    21 |    29 |    37 ||    98
       Meat ration       |       |       |       |     1 |       ||     1
       Fruit             |       |       |       |     2 |     4 ||     6
       Royal jelly       |       |       |       |       |     1 ||     1
       Bread ration      |       |       |       |       |     1 ||     1
Armor: Robe              |     1 |       |    13 |    26 |    14 ||    54
Dodge: Dodged            |     6 |     2 |    31 |    90 |   102 ||   231
Block: Shield            |       |       |       |    13 |       ||    13

Table legend:
 A = Spawn XP
 B = Non-spawn XP
 C = Spawn XP percentage of total XP
 D = Spawn monster count
 E = Non-spawn monster count
 F = Spawn count percentage of total count
 G = Total turns spent on level
                    A         B        C        D         E        F      G
               +---------+---------+-------+---------+---------+-------+---------
         Total |       0 |  113440 |   0.0 |       0 |     680 |   0.0 | 30167
               +---------+---------+-------+---------+---------+-------+---------
           D:1 |       0 |      64 |   0.0 |       0 |      29 |   0.0 |  1452
           D:2 |       0 |      53 |   0.0 |       0 |      15 |   0.0 |   898
           D:3 |       0 |     179 |   0.0 |       0 |      22 |   0.0 |  1086
           D:4 |       0 |     773 |   0.0 |       0 |      21 |   0.0 |  1622
           D:5 |       0 |     600 |   0.0 |       0 |      29 |   0.0 |  1414
           D:6 |       0 |     653 |   0.0 |       0 |      21 |   0.0 |  1079
           D:7 |       0 |    1902 |   0.0 |       0 |      24 |   0.0 |  1715
           D:8 |       0 |    5613 |   0.0 |       0 |      69 |   0.0 |  1906
           D:9 |       0 |    3081 |   0.0 |       0 |      18 |   0.0 |  1601
          D:10 |       0 |    3854 |   0.0 |       0 |      22 |   0.0 |  1765
          D:11 |       0 |    5393 |   0.0 |       0 |      46 |   0.0 |  1621
          D:12 |       0 |   12085 |   0.0 |       0 |      49 |   0.0 |  1248
          D:13 |       0 |   11784 |   0.0 |       0 |      33 |   0.0 |  1108
          D:14 |       0 |    1996 |   0.0 |       0 |       5 |   0.0 |    21
        Lair:1 |       0 |    7662 |   0.0 |       0 |      23 |   0.0 |  1388
        Lair:2 |       0 |    5256 |   0.0 |       0 |      30 |   0.0 |  1189
        Lair:3 |       0 |    3310 |   0.0 |       0 |      21 |   0.0 |  1158
        Lair:4 |       0 |    7845 |   0.0 |       0 |      29 |   0.0 |  1338
        Lair:5 |       0 |    9501 |   0.0 |       0 |      26 |   0.0 |   932
         Orc:1 |       0 |    3356 |   0.0 |       0 |      14 |   0.0 |  1121
         Orc:2 |       0 |   25661 |   0.0 |       0 |     124 |   0.0 |  4086
         IceCv |       0 |    2819 |   0.0 |       0 |      10 |   0.0 |   371
               +---------+---------+-------+---------+---------+-------+---------
